 Dungeon Crawl Stone Soup version 0.23.2-33-g5129a83184 (webtiles) character file.

Game seed: 96080115256967378

192 Felnil the Skirmisher (level 5, 0/42 HPs)
             Began as a Mummy Fighter on Aug 6, 2019.
             Slain by a gnoll
             ... wielding a +0 flail
              (8 damage)
             ... on level 3 of the Dungeon.
             The game lasted 00:09:01 (2612 turns).

Felnil the Skirmisher (Mummy Fighter)               Turns: 2612, Time: 00:09:01

Health: 0/42       AC:  6    Str: 20    XL:     5   Next: 42%
Magic:  5/5        EV:  7    Int:  8    God:
Gold:   88         SH:  9    Dex: 11    Spells: 4/4 levels left

rFire    x . .     SeeInvis .   a - +2 war axe
rCold    + . .     Gourm    .   c - +0 shield
rNeg     + + +     Faith    .   b - +0 scale mail
rPois    ∞         Spirit   .   (no helmet)
rElec    .         Reflect  .   (no cloak)
rCorr    .         Harm     .   (no gloves)
MR       .....                  (no boots)
Stlth    ..........             (no amulet)
HPRegen  0.14/turn              (no ring)
MPRegen  0.09/turn              (no ring)

@: no status effects
A: no food or potions, fire vulnerability, cold resistance 1, negative energy
resistance 3, torment resistance, unbreathing
a: no special abilities


You were on level 3 of the Dungeon.
You were not hungry.

You visited 1 branch of the dungeon, and saw 3 of its levels.

You collected 88 gold pieces.

Inventory:

Hand Weapons
 a - a +2 war axe (weapon)
Armour
 b - a +0 scale mail (worn)
 c - a +0 shield (worn)
Scrolls
 f - 5 scrolls of remove curse


   Skills:
 + Level 4.0 Fighting
 + Level 2.6 Axes
 + Level 3.3 Armour
 + Level 3.2 Shields


You had 4 spell levels left.
You didn't know any spells.
Your spell library was empty.

Dungeon Overview and Level Annotations

Branches:
Dungeon (3/15)

Altars:
Elyvilon
Hepliaklqana
Sif Muna
Xom


Innate Abilities, Weirdness & Mutations

You do not eat or drink.
Your flesh is vulnerable to fire.
You are immune to poison.
Your flesh is cold resistant. (rC+)
You are immune to negative energy. (rN+++)
You are immune to unholy pain and torment.
You can survive without breathing.


Message History

The gnoll is moderately wounded.
The gnoll hits you but does no damage. You block the gnoll's attack.
You closely miss the gnoll.
The gnoll is moderately wounded.
The gnoll hits you with a +0 flail. You block the gnoll's attack.
The gnoll hits you with a +0 flail.
The gnoll hits you from afar with a +0 spear.
* * * LOW HITPOINT WARNING * * *
You are too injured to fight recklessly!
You are too injured to fight recklessly!
You are too injured to fight recklessly!
You are too injured to fight recklessly!
As you read the scroll of fog, it crumbles to dust.
The scroll dissolves into smoke.
The gnoll barely misses you.
The gnoll hits you from afar with a +0 spear.
* * * LOW HITPOINT WARNING * * *
You are too injured to fight recklessly!
You are too injured to fight recklessly!
The gnoll hits you with a +0 flail!
You die...

##...........
###...........
#............. ####
#............. .....
#§.§..........
.....#+###§§§.....#....
.........g§#####..#....
.........g§# ..# ...
.......).@.#### #### ..
..........##..###..##
#........†###.##.##.##
#........†..##.##.##_#
#.........##.##.##.###
############..†#...#
#########


You could see 2 gnolls.

Vanquished Creatures
  A hound (D:2)
  3 gnolls (D:2)
  4 adders
  An ooze (D:1)
  2 worms (D:2)
  4 leopard geckos
  9 bats
  6 giant cockroaches
  9 goblins
  6 hobgoblins
  14 jackals
  A quokka (D:2)
  4 frilled lizards
  7 kobolds
  7 rats
78 creatures vanquished.

Notes
Turn   | Place    | Note
-------+----------+-------------------------------------------
     0 | D:1      | Felnil the Mummy Fighter began the quest for the Orb.
     0 | D:1      | Reached XP level 1. HP: 18/18 MP: 1/1
   196 | D:1      | Reached XP level 2. HP: 18/24 MP: 2/2
   586 | D:1      | Reached XP level 3. HP: 29/29 MP: 3/3
  1322 | D:2      | Found a deep blue altar of Sif Muna.
  1597 | D:2      | Reached XP level 4. HP: 31/37 MP: 4/4
  1670 | D:2      | Found a white marble altar of Elyvilon.
  1944 | D:2      | Reached XP level 5. HP: 8/42 MP: 5/5
  2206 | D:2      | Found a shimmering altar of Xom.
  2206 | D:2      | Found a shimmering altar of Xom.
  2206 | D:2      | Found a shimmering altar of Xom.
  2207 | D:2      | Found a shimmering altar of Xom.
  2207 | D:2      | Found a shimmering altar of Xom.
  2303 | D:2      | Found a shimmering altar of Xom.
  2528 | D:3      | Found a hazy altar of Hepliaklqana.
  2565 | D:3      | Reached skill level 4 in Fighting
  2612 | D:3      | Slain by a gnoll

Skill      XL: |  1  2  3  4  5 |
---------------+----------------+-----
Axes           | 2 |  2.6
Armour         | 3 |  3.3
Shields        | 3 |  3.2
Fighting       | 4 |  4.0

Action                   |  1- 3 |  4- 6 || total
-------------------------+-------+-------++-------
Melee: War axe           |   143 |   106 ||   249
  Use: Scroll            |       |     7 ||     7
Armor: Scale mail        |    75 |    50 ||   125
Dodge: Dodged            |    55 |    37 ||    92
Block: Shield            |    72 |    65 ||   137
